AoeStats
← Chungus69

Arena

505109457Analyzed
1v1 RM · 25d ago on Sep 7, 2026· 60m 20s· 2 players
Game mode
Random Map
Map size
Tiny (2 player)
Population
200
Speed
Normal
Resources
Standard
Victory
Conquest
Starting age
Dark Age
Ending age
Imperial Age
RankedLock teamsTeams togetherTeam positionsShared explorationLock speedFull tech treeHidden civsTurbo modeCheats
Victory
Defeat
🇦🇷 Persians · Argentina
664
+17
🇺🇸 Britons · United States
680
-19
argentino
1:17 Loom
11:32 Feudal Age
12:11 Double-Bit Axe
12:09 Horse Collar
16:12 Castle Age
20:51 Fletching
24:05 Murder Holes
25:38 Bodkin Arrow
25:54 Forging
25:07 Man-at-Arms
25:33 Arson
26:29 Heavy Plow
29:33 Iron Casting
29:12 Bloodlines
30:45 Thumb Ring
30:01 Crossbowman
34:54 Light Cavalry
38:50 Imperial Age
36:57 Wheelbarrow
36:40 Kamandaran
38:22 Gambesons
38:38 Squires
39:45 Citadels
39:59 Conscription
41:40 Masonry
45:43 Cavalier
50:49 Pikeman
50:49 Long Swordsman
51:20 Savar
55:40 Blast Furnace
54:40 Padded Archer Armor
55:52 Ballistics
56:33 Chemistry
56:59 Husbandry
57:55 Capped Ram
Chungus69
10:08 Feudal Age
12:09 Double-Bit Axe
12:20 Horse Collar
17:01 Wheelbarrow
17:32 Man-at-Arms
18:58 Gold Mining
19:28 Scale Mail Armor
19:39 Forging
27:08 Castle Age
27:43 Arson
27:20 Long Swordsman
27:29 Long Swordsman
29:24 Chain Mail Armor
29:45 Iron Casting
30:20 Heavy Plow
30:59 Gold Shaft Mining
33:28 Pikeman
33:57 Gambesons
34:15 Squires
34:39 Fortified Wall
36:52 Hand Cart
36:31 Stone Mining
Connection lost

Rejoining the realm…

Still unreachable

The connection could not be restored.

Session expired

The server has moved on; the page needs a fresh start.